 Dungeon Crawl Stone Soup version 0.23-a0-677-g07611c5 (webtiles) character file.

173358 gruber the Commander (level 18, 0/141 HPs)
             Began as a Gnoll Skald on Jan 9, 2019.
             Was a High Priest of Okawaru.
             Slain by a salamander mystic
             ... wielding a +2 quarterstaff of protection
              (18 damage)
             ... on level 3 of the Snake Pit.
             The game lasted 01:30:39 (29693 turns).

gruber the Commander (Gnoll Skald)                 Turns: 29693, Time: 01:30:40

Health: 0/141      AC: 16    Str: 15    XL:     18   Next: 5%
Magic:  26/43      EV: 21    Int: 19    God:    Okawaru [*****.]
Gold:   1555       SH: 12    Dex: 19    Spells: 13/42 levels left

rFire    . . .     SeeInvis +   W - +3 demon trident (flame)
rCold    + + .     Gourm    .   k - +0 shield {rN+}
rNeg     + + .     Faith    .   E - +3 leather armour {rC+}
rPois    +         Spirit   .   o - +0 hat of Fateic {+Inv rPois MP+9 Int-4 Dex+2}
rElec    .         Reflect  .   O - +2 cloak {MR+}
rCorr    .         Harm     .   L - +0 pair of gloves {Dex+3}
MR       +++..                  X - +2 pair of boots
Stlth    +++++.....             v - amulet of regeneration
HPRegen  0.73/turn              Z - ring of Tysm {rC+ rN+ SInv}
MPRegen  0.28/turn              R - ring of protection from magic

@: no status effects
A: distributed training, fangs 1, strong nose
a: Heroism, Finesse, Renounce Religion, Evoke Invisibility


You were on level 3 of the Snake Pit.
You worshipped Okawaru.
Okawaru was extremely pleased with you.
You were near starving.

You visited 5 branches of the dungeon, and saw 29 of its levels.
You also visited: Ice Cave and Volcano.

You collected 2851 gold pieces.
You spent 1296 gold pieces at shops.

Inventory:

Hand Weapons
 W - a +3 demon trident of flaming (weapon)
Missiles
 p - 7 throwing nets (quivered)
Armour
 k - a +0 shield of positive energy (worn)
 o - the +0 hat of Fateic (worn) {+Inv rPois MP+9 Int-4 Dex+2}
   (Okawaru gifted it to you on level 13 of the Dungeon)

   It affects your intelligence (-4).
   It affects your dexterity (+2).
   It protects you from poison.
   It affects your magic capacity (+9).
   It lets you turn invisible.
 E - a +3 leather armour of cold resistance (worn)
 L - a +0 pair of gloves of dexterity (worn)
 N - +0 ice dragon scales
 O - a +2 cloak of magic resistance (worn)
 P - a +3 leather armour of fire resistance
 X - a +2 pair of boots (worn)
Magical Staves
 F - an uncursed staff of summoning
Jewellery
 e - a +6 ring of strength
 v - an amulet of regeneration (around neck)
 B - an uncursed ring of see invisible
 K - an uncursed ring of resist corrosion
 R - a ring of protection from magic (right hand)
 U - an uncursed ring of wizardry
 Z - the ring of Tysm (left hand) {rC+ rN+ SInv}
   (You bought it in a shop on level 1 of the Snake Pit)

   [ring of see invisible]

   It protects you from cold.
   It protects you from negative energy.
   It lets you see invisible.
Wands
 a - a wand of polymorph (38)
 b - a wand of digging (10)
 u - a wand of flame (39)
 A - a wand of paralysis (47)
 D - a wand of iceblast (3)
 G - a wand of disintegration (40)
 Q - a wand of clouds (4)
 Y - a wand of acid (6)
Scrolls
 c - 13 scrolls of identify
 g - 6 scrolls of blinking
 i - 4 scrolls of random uselessness {unknown}
 l - a scroll of brand weapon {unknown}
 m - 3 scrolls of fear
 n - 14 scrolls of remove curse
 q - 8 scrolls of fog
 r - 6 scrolls of immolation
 t - 3 scrolls of magic mapping
 x - 9 scrolls of teleportation
 y - 6 scrolls of enchant armour
 z - 6 scrolls of amnesia {unknown}
 J - 7 scrolls of enchant weapon
Potions
 f - 2 potions of heal wounds
 h - 8 potions of curing
 j - 4 potions of brilliance
 s - 2 potions of magic
 w - 4 potions of ambrosia
 C - 6 potions of might
 H - 4 potions of haste
 I - 3 potions of flight
 M - 2 potions of agility
 S - 3 potions of invisibility
 T - 2 potions of resistance
 V - 2 potions of berserk rage
Comestibles
 d - 37 rations


   Skills:
 + Level 12.4 Fighting
 + Level 11.6 Short Blades
 + Level 11.6 Long Blades
 + Level 11.6 Axes
 + Level 11.6 Maces & Flails
 + Level 12.4 Polearms
 + Level 11.6 Staves
 + Level 11.6 Slings
 + Level 11.6 Bows
 + Level 11.6 Crossbows
 + Level 11.6 Throwing
 + Level 11.9 Armour
 + Level 12.4 Dodging
 + Level 11.6 Stealth
 + Level 11.6 Shields
 + Level 11.6 Unarmed Combat
 + Level 12.5 Spellcasting
 + Level 10.0 Conjurations
 + Level 10.0 Hexes
 + Level 11.2 Charms
 + Level 10.0 Summonings
 + Level 10.0 Necromancy
 + Level 10.0 Translocations
 + Level 10.0 Transmutations
 + Level 10.0 Fire Magic
 + Level 10.0 Ice Magic
 + Level 10.0 Air Magic
 + Level 10.0 Earth Magic
 + Level 10.0 Poison Magic
 + Level 12.6 Invocations
 + Level 11.6 Evocations


You had 13 spell levels left.
You knew the following spells:

 Your Spells              Type           Power        Failure   Level  Hunger
a - Infusion              Chrm           ####         1%          1    None
b - Shroud of Golubria    Chrm/Tloc      ######....   1%          2    None
c - Regeneration          Chrm/Necr      ######....   1%          3    None
d - Spectral Weapon       Hex/Chrm       ######..     1%          3    None
e - Freezing Cloud        Conj/Ice/Air   #####.....   26%         6    ######.
f - Mephitic Cloud        Conj/Pois/Air  #####...     1%          3    None
g - Borgnjor's Vile Clut  Necr/Erth      #####.....   4%          5    ####...
h - Animate Dead          Necr           N/A          1%          4    #......
i - Swiftness             Chrm/Air       ######..     1%          2    None

Your spell library contained the following spells:

 Spells                   Type           Power        Failure   Level  Hunger
 Confusing Touch          Hex            #####.       1%          1    None
 Corona                   Hex            #####..      1%          1    None
 Flame Tongue             Conj/Fire      #####        1%          1    None
 Passwall                 Tmut/Erth      #####...     1%          2    None
 Poisonous Vapours        Pois/Air       #####.       1%          2    None
 Slow                     Hex            #####...     1%          2    None
 Song of Slaying          Chrm           ######..     1%          2    None
 Throw Flame              Conj/Fire      #####.       1%          2    None
 Confuse                  Hex            #####...     1%          3    None
 Conjure Flame            Conj/Fire      #####...     1%          3    None
 Gell's Gravitas          Tloc           #####.....   1%          3    None
 Ignite Poison            Fire/Tmut/Pois #####...     1%          3    None
 Inner Flame              Hex/Fire       #####...     1%          3    None
 Portal Projectile        Hex/Tloc       #####.       1%          3    None
 Recall                   Summ/Tloc      N/A          1%          3    None
 Cause Fear               Hex            #####.....   1%          4    #......
 Leda's Liquefaction      Hex/Erth       #####.....   1%          4    #......
 Passage of Golubria      Tloc           N/A          1%          4    #......
 Petrify                  Tmut/Erth      #####...     1%          4    #......
 Sticky Flame             Conj/Fire      #####...     1%          4    #......
 Fireball                 Conj/Fire      #####.....   4%          5    ####...
 Lee's Rapid Deconstruct  Erth           #####.....   4%          5    ####...
 Metabolic Englaciation   Hex/Ice        #####.....   4%          5    ####...
 Yara's Violent Unravell  Hex/Tmut       #####.....   4%          5    ####...
 Bolt of Fire             Conj/Fire      #####.....   26%         6    ######.
 Darkness                 Hex            #####.....   26%         6    ######.
 Death Channel            Necr           #####.....   26%         6    ######.
 Invisibility             Hex            #####...     26%         6    ######.
 Simulacrum               Ice/Necr       #####.....   26%         6    ######.
 Ring of Flames           Chrm/Fire      ######....   73%         7    #######
 Dragon Form              Tmut           #####.....   82%         7    #######
 Ignition                 Fire           #####.....   100%        8    #######
 Dragon's Call            Summ           #####.....   100%        9    #######


Dungeon Overview and Level Annotations

Branches:
Dungeon (15/15)            Temple (0/1) D:4            Lair (6/6) D:11
  Swamp (2/4) Lair:3        Snake (4/4) Lair:2        Slime (0/5) Lair:6
    Orc (2/2) D:10            Elf (0/3) Orc:2        Vaults (0/5) D:13
 Depths (0/5) D:15

Altars:
Ashenzari
Dithmenos
Gozag
Hepliaklqana
Kikubaaqudgha
Makhleb
Nemelex Xobeh
Okawaru
Qazlal
Sif Muna
Uskayaw
Wu Jian
Xom
Yredelemnul
Zin
The Shining One
Beogh

Shops:
D:8 (   D:9 [   Orc:1 *}   Orc:2 =?*[*!   Snake:1 *   Snake:4 !

Annotations:
D:13 2 transporters, ilikecats's ghost, journeyman HOFE
Lair:2 1 runed door, Ibenipuf's ghost, journeyman DECj
Lair:4 exclusion: oklob plant
Swamp:2 Jorgrun
Snake:2 1 runed door, melvinkitnick's ghost, adept VSFi


Innate Abilities, Weirdness & Mutations

Your experience applies equally to all skills.
You have very sharp teeth.
Your uncanny sense of smell can sniff out nearby items.


Message History

The black mamba is severely wounded.
Your spectral weapon hits the black mamba from afar!
Your spectral weapon burns the black mamba.
You block the black mamba's attack.
The salamander mystic closely misses you.
A black mamba comes into view.
Unknown command.
Attack whom?
Press: ? - help, Dir - move target cursor, f/p - black mamba
Aim: a black mamba (almost dead)
You miss the black mamba.
The black mamba is almost dead.
Your spectral weapon hits the black mamba from afar!
Your spectral weapon burns the black mamba.
You kill the black mamba!
Okawaru accepts your kill.
The salamander mystic hits you with a +2 quarterstaff of protection.
* * * LOW HITPOINT WARNING * * *
You are engulfed in flames!!
You die...

....................#,,,∆###?..##
######..............#,,,,* #....#
.N..................#,,,,*##.....
....................#,...*#≈≈....
....................#,..#*#≈≈≈...
.........)..........#...# #≈≈≈≈≈)
.###................#...# #≈≈≈≈≈≈
,,,#...##.....##†Z......# #≈≈≈≈≈≈
,,,#...##.....##@N).....# #≈≈≈...
,,,#...*#.....##.(......# #≈≈....
,**#..N,#.........>.....# ##.....
,***,,,,#......#).......# #....#
,,,,,,,,#......#........# #...##
,,,,,,,,*,,,............# #....#
,,,,,,,,***#.........S..#**#.....
,,,,,,,,,,*#..............*##....
,,,,,,,,,,*#.........S....,*##...


You could see a salamander mystic, a black mamba, a friendly spectral +3 demon
trident of flaming and a friendly naga skeleton.

Vanquished Creatures
  Gastronok (Lair:3)
  Kirke (Swamp:2)
  A tengu reaver (D:13)
  4 nagarajas (Snake:2)
  2 very ugly things (IceCv)
  Nessos (Lair:6)
  An ettin (D:13)
  Harold (D:7)
  An ogre mage (D:15)
  13 hydras
  2 vault guards (D:13)
  4 naga warriors
  5 anacondas
  An alligator (Swamp:2)
  A death knight (D:14)
  12 two-headed ogres
  A deep troll earth mage (D:13)
  A tengu warrior (D:15)
  4 centaur warriors
  6 death yaks (Lair:5)
  Urug (D:11)
  4 shock serpents
  6 naga sharpshooters
  3 orc high priests (Orc:2)
  4 sea snakes (Snake:3)
  A fire crab (Lair:5)
  3 unseen horrors
  4 naga ritualists
  2 wizards
  3 swamp dragons
  2 phantasmal warriors
  7 orc knights
  2 ugly things
  2 manticores
  A mana viper (shapeshifter) (D:15)
  3 orc sorcerers (Orc:2)
  An oklob plant (Lair:4)
  3 wolf spiders
  5 cyclopes
  5 mana vipers
  4 salamanders
  10 elephants
  5 ice statues (IceCv)
  A molten gargoyle (Volcano)
  2 guardian serpents
  28 black mambas
  6 naga magi
  A gargoyle (Volcano)
  22 spiny frogs
  7 komodo dragons
  2 kobold demonologists (D:14)
  A rime drake (Lair:4)
  2 efreet (D:15)
  4 freezing wraiths
  2 anaconda simulacra (IceCv)
  9 trolls
  9 tyrant leeches
  A golden dragon simulacrum (IceCv)
  3 polar bears
  A merfolk (D:11)
  3 hornets
  9 hippogriffs
  13 blink frogs
  A blink frog (shapeshifter) (D:13)
  7 slime creatures
  3 bog bodies
  A redback (Lair:6)
  A water elemental (D:14)
  2 vampires
  A dire elephant simulacrum (IceCv)
  3 shadows
  2 fire elementals (Volcano)
  8 wyverns (Lair:6)
  5 hogs (Swamp:2)
  47 yaks
  A spriggan (shapeshifter) (D:13)
  9 basilisks
  10 humans (D:13)
  3 hungry ghosts
  4 vampire mosquitoes
  3 harpy simulacra (IceCv)
  3 wargs
  6 swamp worms
  An iron troll simulacrum (IceCv)
  19 nagas
  35 water moccasins
  A porcupine (Lair:2)
  A hydra simulacrum (IceCv)
  2 black bears
  3 swamp drakes (Swamp:1)
  2 phantoms
  12 ice beasts
  25 orc warriors
  2 eyes of draining
  8 sky beasts
  9 necrophages
  16 ogres
  21 wolves
  28 centaurs
  9 crocodiles
  4 big kobolds
  30 bullfrogs
  A wyvern zombie (D:14)
  4 gnoll sergeants (D:8)
  2 water moccasin skeletons (D:6)
  6 killer bees (D:10)
  3 howler monkeys
  16 wights
  8 electric eels
  9 crimson imps
  A bullfrog zombie (D:13)
  A quasit (D:7)
  7 centaur zombies
  25 hounds
  A bullfrog skeleton (D:10)
  2 gnoll shamans
  23 orc priests
  4 jellies
  28 orc wizards
  5 centaur skeletons
  4 iguanas
  8 worker ants
  A hound zombie (D:5)
  A hound skeleton (D:8)
  31 gnolls
  2 worker ant zombies
  A river rat (Lair:6)
  19 adders
  4 shadow imps
  An adder skeleton (D:7)
  A worm (D:4)
  5 leopard geckos
  119 orcs
  4 ball pythons
  12 bats
  6 giant cockroaches
  25 hobgoblins
  25 jackals
  4 quokkas
  5 frilled lizards
  7 goblins
  22 kobolds
  6 rats
  2 plants (Lair:6)
1079 creatures vanquished.

Vanquished Creatures (collateral kills)
  Agnes (Snake:3)
  A naga warrior (Snake:3)
  An alligator (Swamp:1)
  A salamander (Snake:2)
  A naga mage (Snake:1)
  2 black mambas (Snake:3)
  A slime creature (Swamp:2)
  A bog body (Swamp:1)
  2 nagas (Snake:3)
  A swamp drake (Swamp:1)
  An orc wizard (Orc:2)
  A river rat (Lair:6)
  A plant (Lair:6)
15 creatures vanquished.

Vanquished Creatures (others)
  A human (Swamp:2)
  An orc (D:14)
  A bush (Lair:6)
  21 fungi
  24 plants
  47 spectral weapons
95 creatures vanquished.

Grand Total: 1189 creatures vanquished

Notes
Turn   | Place    | Note
-------+----------+-------------------------------------------
     0 | D:1      | gruber the Gnoll Skald began the quest for the Orb.
     0 | D:1      | Reached XP level 1. HP: 20/20 MP: 6/6
    86 | D:1      | Reached XP level 2. HP: 26/26 MP: 5/7
    97 | D:1      | Learned a level 2 spell: Shroud of Golubria
   377 | D:1      | Reached XP level 3. HP: 31/31 MP: 9/9
   468 | D:1      | Reached skill level 5 in Spellcasting
   737 | D:2      | Reached skill level 1 in Invocations
   862 | D:2      | Reached skill level 1 in Short Blades
   862 | D:2      | Reached skill level 1 in Long Blades
   862 | D:2      | Reached skill level 1 in Axes
   862 | D:2      | Reached skill level 1 in Maces & Flails
   862 | D:2      | Reached skill level 1 in Staves
   862 | D:2      | Reached skill level 1 in Slings
   862 | D:2      | Reached skill level 1 in Bows
   862 | D:2      | Reached skill level 1 in Crossbows
   862 | D:2      | Reached skill level 1 in Throwing
   862 | D:2      | Reached skill level 1 in Stealth
   862 | D:2      | Reached skill level 1 in Shields
   862 | D:2      | Reached skill level 1 in Unarmed Combat
   862 | D:2      | Reached skill level 1 in Evocations
   904 | D:2      | Reached XP level 4. HP: 28/38 MP: 11/11
  1236 | D:2      | Found an ornate altar of the Wu Jian Council.
  1306 | D:2      | Found a hazy altar of Hepliaklqana.
  1487 | D:2      | Found an iron altar of Okawaru.
  1722 | D:3      | Reached skill level 1 in Conjurations
  1722 | D:3      | Reached skill level 1 in Hexes
  1722 | D:3      | Reached skill level 1 in Summonings
  1722 | D:3      | Reached skill level 1 in Necromancy
  1722 | D:3      | Reached skill level 1 in Translocations
  1722 | D:3      | Reached skill level 1 in Transmutations
  1722 | D:3      | Reached skill level 1 in Fire Magic
  1722 | D:3      | Reached skill level 1 in Ice Magic
  1722 | D:3      | Reached skill level 1 in Air Magic
  1722 | D:3      | Reached skill level 1 in Earth Magic
  1722 | D:3      | Reached skill level 1 in Poison Magic
  1828 | D:3      | Reached XP level 5. HP: 28/43 MP: 12/12
  2448 | D:4      | Reached XP level 6. HP: 50/50 MP: 10/13
  2563 | D:4      | Reached skill level 5 in Fighting
  2563 | D:4      | Reached skill level 5 in Polearms
  2563 | D:4      | Reached skill level 5 in Dodging
  2834 | D:4      | Reached XP level 7. HP: 56/56 MP: 15/15
  2839 | D:4      | Learned a level 3 spell: Regeneration
  2843 | D:4      | Learned a level 3 spell: Spectral Weapon
  2969 | D:4      | Found a deep blue altar of Sif Muna.
  3015 | D:4      | Found a staircase to the Ecumenical Temple.
  3257 | D:2      | Became a worshipper of Warmaster Okawaru
  3578 | D:5      | Entered Level 5 of the Dungeon
  3590 | D:5      | Found an opulent altar of Gozag.
  3895 | D:5      | Found a glowing silver altar of Zin.
  4009 | D:5      | Reached XP level 8. HP: 63/63 MP: 16/16
  4344 | D:6      | Reached * piety under Okawaru
  4633 | D:6      | Reached ** piety under Okawaru
  4633 | D:6      | Reached XP level 9. HP: 54/69 MP: 15/18
  5171 | D:7      | Found a shimmering altar of Xom.
  5171 | D:7      | Found a shimmering altar of Xom.
  5171 | D:7      | Found a shimmering altar of Xom.
  5328 | D:7      | Reached skill level 5 in Armour
  5332 | D:7      | Found an ancient bone altar of Kikubaaqudgha.
  5375 | D:7      | Noticed Harold
  5391 | D:7      | Killed Harold
  5391 | D:7      | Reached *** piety under Okawaru
  5391 | D:7      | Reached skill level 5 in Invocations
  5458 | D:7      | Found a shimmering altar of Xom.
  5460 | D:7      | Found a shimmering altar of Xom.
  5545 | D:7      | Reached XP level 10. HP: 77/77 MP: 20/20
  5734 | D:7      | Found a stormy altar of Qazlal.
  5770 | D:7      | Found a sparkling altar of Nemelex Xobeh.
  5773 | D:7      | Found a hide-covered altar of Uskayaw.
  5776 | D:7      | Found a glowing golden altar of the Shining One.
  6372 | D:8      | Reached **** piety under Okawaru
  6372 | D:8      | Reached skill level 5 in Short Blades
  6372 | D:8      | Reached skill level 5 in Long Blades
  6372 | D:8      | Reached skill level 5 in Axes
  6372 | D:8      | Reached skill level 5 in Maces & Flails
  6372 | D:8      | Reached skill level 5 in Staves
  6372 | D:8      | Reached skill level 5 in Slings
  6372 | D:8      | Reached skill level 5 in Bows
  6372 | D:8      | Reached skill level 5 in Crossbows
  6372 | D:8      | Reached skill level 5 in Throwing
  6372 | D:8      | Reached skill level 5 in Stealth
  6372 | D:8      | Reached skill level 5 in Shields
  6372 | D:8      | Reached skill level 5 in Unarmed Combat
  6372 | D:8      | Reached skill level 5 in Evocations
  6708 | D:8      | Found a basalt altar of Yredelemnul.
  6728 | D:8      | Found Vinnarph's Weapon Shop.
  6766 | D:8      | Received a gift from Okawaru
  6815 | D:8      | Found a shattered altar of Ashenzari.
  6897 | D:8      | Found a burning altar of Makhleb.
  7229 | D:9      | Reached ***** piety under Okawaru
  7389 | D:9      | Found Omuymp's Antique Armour Shoppe.
  7410 | D:9      | Bought a polished leather armour for 119 gold pieces
  7410 | D:9      | Bought a glowing cloak for 127 gold pieces
  7420 | D:9      | Identified the +1 leather armour of Gosim {*Slow MR++ rCorr
                  | Str+3} (You bought it in a shop on level 9 of the Dungeon)
  7547 | D:9      | Noticed a two-headed ogre
  7558 | D:9      | Killed a two-headed ogre
  7558 | D:9      | Reached XP level 11. HP: 47/84 MP: 22/22
  7564 | D:9      | Noticed a two-headed ogre
  7577 | D:9      | Killed a two-headed ogre
  7577 | D:9      | Received a gift from Okawaru
  7865 | D:10     | Entered Level 10 of the Dungeon
  7927 | D:10     | Received a gift from Okawaru
  8014 | D:10     | Reached skill level 5 in Conjurations
  8014 | D:10     | Reached skill level 5 in Hexes
  8014 | D:10     | Reached skill level 5 in Summonings
  8014 | D:10     | Reached skill level 5 in Necromancy
  8014 | D:10     | Reached skill level 5 in Translocations
  8014 | D:10     | Reached skill level 5 in Transmutations
  8014 | D:10     | Reached skill level 5 in Fire Magic
  8014 | D:10     | Reached skill level 5 in Ice Magic
  8014 | D:10     | Reached skill level 5 in Air Magic
  8014 | D:10     | Reached skill level 5 in Earth Magic
  8014 | D:10     | Reached skill level 5 in Poison Magic
  8712 | D:10     | Found a roughly hewn altar of Beogh.
  8712 | D:10     | Found a staircase to the Orcish Mines.
  9298 | D:11     | Noticed a brown ugly thing
  9321 | D:11     | Killed a brown ugly thing
  9411 | D:11     | Found a staircase to the Lair.
  9877 | D:11     | Reached XP level 12. HP: 75/93 MP: 24/24
  9916 | D:12     | Received a gift from Okawaru
  9931 | D:12     | Noticed a two-headed ogre
  9941 | D:12     | Killed a two-headed ogre
 10236 | D:12     | Received a gift from Okawaru
 10240 | D:12     | Got a faintly glowing battleaxe {god gift}
 10241 | D:12     | Identified the +6 battleaxe of Uruokam {vamp, Int+6 Dex+2}
                  | (Okawaru gifted it to you on level 12 of the Dungeon)
 10257 | D:12     | Reached XP level 13. HP: 101/101 MP: 26/26
 11073 | D:13     | Got a pitted trident
 11074 | D:13     | Identified the cursed +0 trident of the Messenger {drain,
                  | Int+4 Dex+2} (You found it on level 13 of the Dungeon)
 11108 | D:13     | Received a gift from Okawaru
 11140 | D:13     | Found a transporter.
 11151 | D:13     | Noticed ilikecats's ghost (journeyman HOFE)
 11156 | D:13     | Found a transporter.
 11267 | D:13     | Noticed a vault guard
 11275 | D:13     | Killed a vault guard
 11282 | D:13     | Received a gift from Okawaru
 11322 | D:13     | Found a gate to the Vaults.
 11322 | D:13     | Noticed a vault guard
 11348 | D:13     | Killed a vault guard
 11348 | D:13     | Received a gift from Okawaru
 11353 | D:13     | Got a pitted hat {god gift}
 11359 | D:13     | Identified the +0 hat of Fateic {+Inv rPois MP+9 Int-4
                  | Dex+2} (Okawaru gifted it to you on level 13 of the
                  | Dungeon)
 11377 | D:13     | Got a warped plate armour
 11378 | D:13     | Identified the +6 plate armour "Damnable Contraption"
                  | {rElec} (You found it on level 13 of the Dungeon)
 11468 | D:13     | Reached XP level 14. HP: 71/108 MP: 27/27
 11687 | D:13     | Found a shadowy altar of Dithmenos.
 11799 | D:13     | Noticed a storm dragon
 11809 | D:13     | Noticed a tengu reaver
 12080 | D:11     | Noticed Urug
 12093 | D:11     | Killed Urug
 12221 | D:11     | Reached skill level 10 in Spellcasting
 12313 | Lair:1   | Entered Level 1 of the Lair of Beasts
 12876 | Lair:1   | Reached skill level 10 in Fighting
 12876 | Lair:1   | Reached skill level 10 in Polearms
 12876 | Lair:1   | Reached skill level 10 in Dodging
 12977 | Lair:1   | Found a dark tunnel.
 12984 | Volcano  | Entered a volcano
 13311 | Lair:1   | Learned a level 6 spell: Freezing Cloud
 13315 | Lair:1   | Learned a level 3 spell: Mephitic Cloud
 13460 | Lair:2   | Found a staircase to the Snake Pit.
 13952 | Lair:2   | Received a gift from Okawaru
 13973 | Lair:2   | Found a runed door.
 13975 | Lair:2   | Found a shimmering altar of Xom.
 13976 | Lair:2   | Noticed Ibenipuf's ghost (journeyman DECj)
 14679 | Lair:3   | Reached skill level 10 in Invocations
 14713 | Lair:3   | Noticed Gastronok
 14752 | Lair:3   | Killed Gastronok
 15027 | Lair:3   | Found a staircase to the Swamp.
 15114 | Lair:4   | Received a gift from Okawaru
 15401 | Lair:4   | Reached XP level 15. HP: 114/117 MP: 29/29
 16229 | Lair:5   | Received a gift from Okawaru
 16549 | Lair:5   | Received a gift from Okawaru
 16572 | Lair:5   | Reached skill level 10 in Armour
 16580 | Lair:5   | Received a gift from Okawaru
 17067 | Lair:6   | Entered Level 6 of the Lair of Beasts
 17105 | Lair:6   | Learned a level 5 spell: Borgnjor's Vile Clutch
 17110 | Lair:6   | Learned a level 4 spell: Animate Dead
 17144 | Lair:6   | Noticed Nessos
 17207 | Lair:6   | Killed Nessos
 17244 | Lair:6   | Received a gift from Okawaru
 17378 | Lair:6   | Found a staircase to the Slime Pits.
 17573 | Lair:6   | Reached skill level 10 in Charms
 17817 | Lair:6   | Reached skill level 10 in Short Blades
 17817 | Lair:6   | Reached skill level 10 in Long Blades
 17817 | Lair:6   | Reached skill level 10 in Axes
 17817 | Lair:6   | Reached skill level 10 in Maces & Flails
 17817 | Lair:6   | Reached skill level 10 in Staves
 17817 | Lair:6   | Reached skill level 10 in Slings
 17817 | Lair:6   | Reached skill level 10 in Bows
 17817 | Lair:6   | Reached skill level 10 in Crossbows
 17817 | Lair:6   | Reached skill level 10 in Throwing
 17817 | Lair:6   | Reached skill level 10 in Stealth
 17817 | Lair:6   | Reached skill level 10 in Shields
 17817 | Lair:6   | Reached skill level 10 in Unarmed Combat
 17817 | Lair:6   | Reached skill level 10 in Evocations
 18880 | Orc:1    | Entered Level 1 of the Orcish Mines
 18880 | Orc:1    | Found Winnuo's Gadget Boutique.
 19072 | Orc:1    | Found Riqempech's General Store.
 19157 | Orc:1    | Received a gift from Okawaru
 19215 | Orc:1    | Bought a scroll of identify for 20 gold pieces
 19215 | Orc:1    | Bought a scroll of teleportation for 30 gold pieces
 19215 | Orc:1    | Bought a scroll of teleportation for 30 gold pieces
 19349 | Orc:2    | Entered Level 2 of the Orcish Mines
 19349 | Orc:2    | Found a staircase to the Elven Halls.
 19530 | Orc:2    | Reached XP level 16. HP: 125/125 MP: 31/31
 19562 | Orc:2    | Found Laawy's Mayhem Merchandise.
 19909 | Orc:2    | Found a roughly hewn altar of Beogh.
 19981 | Orc:2    | Found Sereryuk's Distillery.
 20682 | D:13     | Killed a tengu reaver
 21509 | D:14     | Received a gift from Okawaru
 21905 | D:15     | Entered Level 15 of the Dungeon
 21950 | D:15     | Found the +5 robe of Misfortune {*Contam Harm *Corrode
                  | *Drain *Slow EV+5}
 22215 | D:15     | Found a staircase to the Depths.
 22438 | D:15     | Paralysed by a wizard for 2 turns
 23755 | Orc:2    | Received a gift from Okawaru
 23893 | Orc:2    | Found Xuytyiph's Antique Armour Emporium.
 23893 | Orc:2    | Found Leza's Assorted Antiques.
 23895 | Orc:2    | Found Meinn's Magic Scroll Emporium.
 23895 | Orc:2    | Found Nakluik's Jewellery Boutique.
 23903 | Orc:2    | Bought a scroll of enchant weapon for 75 gold pieces
 23903 | Orc:2    | Bought a scroll of enchant armour for 75 gold pieces
 23903 | Orc:2    | Bought a scroll of magic mapping for 35 gold pieces
 23903 | Orc:2    | Bought a scroll of fog for 20 gold pieces
 23906 | Orc:2    | Bought a potion of heal wounds for 155 gold pieces
 24135 | Snake:1  | Entered Level 1 of the Snake Pit
 24199 | Snake:1  | Found a sparkling altar of Nemelex Xobeh.
 24740 | Snake:1  | Received a gift from Okawaru
 24829 | Snake:1  | Found Saqam's General Store.
 24832 | Snake:1  | Bought the ring of Tysm {rC+ rN+ SInv} for 498 gold pieces
 24832 | Snake:1  | Bought a scroll of blinking for 112 gold pieces
 25315 | Snake:2  | Noticed a nagaraja
 25337 | Snake:2  | Noticed a nagaraja
 25458 | Swamp:1  | Entered Level 1 of the Swamp
 25615 | Swamp:1  | Reached XP level 17. HP: 121/133 MP: 32/32
 25855 | Swamp:1  | Learned a level 2 spell: Swiftness
 25861 | Swamp:1  | Got a warped lapis lazuli ring
 25862 | Swamp:1  | Identified the ring "Busch" {Fire Int+3} (You found it on
                  | level 1 of the Swamp)
 26382 | Swamp:2  | Noticed Jorgrun
 26650 | Swamp:2  | Noticed Kirke
 26683 | Swamp:2  | Killed Kirke
 27606 | Snake:2  | Found a runed door.
 27606 | Snake:2  | Noticed melvinkitnick's ghost (adept VSFi)
 28291 | Snake:3  | Received a gift from Okawaru
 28340 | Snake:3  | Found a frozen archway.
 28374 | Snake:3  | Received a gift from Okawaru
 28426 | Snake:3  | Noticed Agnes
 28431 | Snake:4  | Entered Level 4 of the Snake Pit
 28589 | Snake:4  | Found Qein's Distillery.
 28924 | IceCv    | Entered an ice cave
 29584 | Snake:3  | Killed Agnes
 29631 | Snake:3  | Reached XP level 18. HP: 56/141 MP: 34/34
 29685 | Snake:3  | Reached skill level 10 in Conjurations
 29685 | Snake:3  | Reached skill level 10 in Hexes
 29685 | Snake:3  | Reached skill level 10 in Summonings
 29685 | Snake:3  | Reached skill level 10 in Necromancy
 29685 | Snake:3  | Reached skill level 10 in Translocations
 29685 | Snake:3  | Reached skill level 10 in Transmutations
 29685 | Snake:3  | Reached skill level 10 in Fire Magic
 29685 | Snake:3  | Reached skill level 10 in Ice Magic
 29685 | Snake:3  | Reached skill level 10 in Air Magic
 29685 | Snake:3  | Reached skill level 10 in Earth Magic
 29685 | Snake:3  | Reached skill level 10 in Poison Magic
 29693 | Snake:3  | Slain by a salamander mystic

Vault maps used:
D:1:      mushboom_english_gardens
D:2:      overflow_temple_1_default, nicolae_overflow_hidden_temple,
          lemuel_doored_altar, minmay_pentomino_w2
D:3:      roderic_lattice_a
D:4:      lemuel_blue_sif_altar, minmay_temple_entry_enclosed_plants
D:5:      kennysheep_little_box, first_ration, grunt_gozag_statues
D:6:      corexii_shack_village
D:7:      grunt_temple_overflow_cloverleaf, kiku_gazebo_pond_becter,
          xom_redecorated, uniq_harold
D:8:      kennysheep_mini, lemuel_round_altar, marbit_many_paths,
          serial_gnoll_camp, gnoll_camp_mini_basic, gnoll_camp_huts_basic,
          gnoll_camp_medium_02, gnoll_camp_mini_shop
D:9:      serial_shops, shop
D:10:     david_orc_5
D:11:     erik_lair_island, hangedman_fish_farm, uniq_urug
D:13:     minmay_guarded_unrand_guard, ximxim_vaults_locker_room,
          gammafunk_ghost_arena, basic_altar
D:14:     serial_bayou_ford_a, hangedman_decor_peaks_small
D:15:     hangedman_depths_entry_try_elsewhere_first, chequers_mini_garden
Lair:1:   enter_volcano_2, grunt_megastairs_3, lemuel_fruit_tree,
          infiniplex_staircase_pool_2
Lair:2:   minmay_snake_entry_six_corridors, ebering_ghost_xom, minmay_holes
Lair:3:   minmay_swamp_entry_worms, st_stairs_11, uniq_gastronok
Lair:4:   statuecave_lemuel, roderic_carrion_pond, grunt_megastairs_4,
          serial_bayou_shore_b
Lair:5:   beast_lair_carwin_1
Lair:6:   hangedman_lair_tendril_chambers, slime_dummy,
          chequers_serial_rivers_small_3, chequers_serial_rivers_room_b, pond,
          uniq_nessos
Swamp:1:  hangedman_swamp_pad, swamp_pool1
Swamp:2:  nicolae_swamp_dense_foliage, uniq_kirke, uniq_jorgrun
Snake:1:  basic_altar, grunt_megastairs_2, serial_bayou_shore_b,
          minmay_shop_star
Snake:2:  ebering_ghost_reflecting_pool
Snake:3:  nicolae_sea_snake_s, portal_ice_cave_entry_pillars_2, uniq_agnes,
          uniq_vashnia
Snake:4:  snake_pit, serial_shops, shop, nrook_loot_triangle
Orc:1:    cheibrodos_orc_bank, serial_shops, nicolae_shop_stone, shop
Orc:2:    grunt_orc_tribal_feast, basic_altar, serial_shops, shop,
          minmay_shop_mayhem
IceCv:    ice_cave_statue_garden_chambered
Volcano:  volcano_overflow

Skill      XL: |  1  2  3  4  5  6  7  8  9 10 11 12 13 14 15 16 17 18 |
---------------+-------------------------------------------------------+-----
Spellcasting   | 5 6 7 8 9 10 11 12 | 12.5
Invocations    | 1 2 3 4 5 6 7 8 9 10 11 12 | 12.6
Short Blades   | 1 2 3 4 5 6 7 8 9 10 11 | 11.6
Long Blades    | 1 2 3 4 5 6 7 8 9 10 11 | 11.6
Axes           | 1 2 3 4 5 6 7 8 9 10 11 | 11.6
Maces & Flails | 1 2 3 4 5 6 7 8 9 10 11 | 11.6
Staves         | 1 2 3 4 5 6 7 8 9 10 11 | 11.6
Slings         | 1 2 3 4 5 6 7 8 9 10 11 | 11.6
Bows           | 1 2 3 4 5 6 7 8 9 10 11 | 11.6
Crossbows      | 1 2 3 4 5 6 7 8 9 10 11 | 11.6
Throwing       | 1 2 3 4 5 6 7 8 9 10 11 | 11.6
Stealth        | 1 2 3 4 5 6 7 8 9 10 11 | 11.6
Shields        | 1 2 3 4 5 6 7 8 9 10 11 | 11.6
Unarmed Combat | 1 2 3 4 5 6 7 8 9 10 11 | 11.6
Evocations     | 1 2 3 4 5 6 7 8 9 10 11 | 11.6
Conjurations   | 1 2 3 4 5 6 7 8 9 10 | 10.0
Hexes          | 1 2 3 4 5 6 7 8 9 10 | 10.0
Summonings     | 1 2 3 4 5 6 7 8 9 10 | 10.0
Necromancy     | 1 2 3 4 5 6 7 8 9 10 | 10.0
Translocations | 1 2 3 4 5 6 7 8 9 10 | 10.0
Transmutations | 1 2 3 4 5 6 7 8 9 10 | 10.0
Fire Magic     | 1 2 3 4 5 6 7 8 9 10 | 10.0
Ice Magic      | 1 2 3 4 5 6 7 8 9 10 | 10.0
Air Magic      | 1 2 3 4 5 6 7 8 9 10 | 10.0
Earth Magic    | 1 2 3 4 5 6 7 8 9 10 | 10.0
Poison Magic   | 1 2 3 4 5 6 7 8 9 10 | 10.0
Armour         | 3 4 5 6 7 8 9 10 11 | 11.9
Fighting       | 5 6 7 8 9 10 11 12 | 12.4
Polearms       | 5 6 7 8 9 10 11 12 | 12.4
Dodging        | 5 6 7 8 9 10 11 12 | 12.4
Charms         | 6 7 8 9 10 11 | 11.2

Action                   |  1- 3 |  4- 6 |  7- 9 | 10-12 | 13-15 | 16-18 || total
-------------------------+-------+-------+-------+-------+-------+-------++-------
Melee: Spear             |    94 |   191 |    14 |   571 |       |       ||   870
       Bite              |     3 |    17 |    30 |    88 |   243 |   188 ||   569
       Punch             |     1 |     1 |     6 |     2 |       |       ||    10
       Trident           |       |       |   292 |   303 |  1576 |  1215 ||  3386
       Demon trident     |       |       |       |       |       |   105 ||   105
Throw: Throwing net      |       |       |       |       |       |     1 ||     1
 Cast: Infusion          |     3 |    16 |     9 |     8 |     6 |     7 ||    49
       Shroud of Golubri |       |     9 |     9 |    12 |    10 |    17 ||    57
       Spectral Weapon   |       |       |    29 |    65 |   126 |   121 ||   341
       Regeneration      |       |       |     9 |     7 |    18 |    18 ||    52
       Borgnjor's Vile C |       |       |       |       |     3 |    49 ||    52
       Animate Dead      |       |       |       |       |     2 |    17 ||    19
Invok: Heroism           |       |       |       |     7 |    22 |    15 ||    44
       Finesse           |       |       |       |     1 |     8 |     5 ||    14
Evoke: Wand              |       |       |       |       |     1 |       ||     1
  Use: Scroll            |       |       |       |    14 |    14 |     9 ||    37
       Potion            |       |       |       |     1 |     3 |     1 ||     5
 Stab: Sleeping          |     7 |     2 |     4 |    23 |    19 |    17 ||    72
       Distracted        |       |       |     1 |     7 |    23 |    19 ||    50
       Held in net/web   |       |       |       |       |       |     3 ||     3
  Eat: Chunk             |       |     6 |    11 |    16 |    26 |    19 ||    78
       Ration            |       |       |       |     1 |     2 |     7 ||    10
Armor: Leather armour    |     9 |    19 |    41 |   116 |   202 |    98 ||   485
Dodge: Dodged            |    33 |    92 |   173 |   377 |   778 |   430 ||  1883
Block: Buckler           |       |       |       |    98 |    46 |       ||   144
       Shield            |       |       |       |       |   618 |   449 ||  1067

Table legend:
 A = Non-vault XP
 B = Vault XP
 C = Vault XP percentage of total XP
 D = Non-vault monster count
 E = Vault monster count
 F = Vault count percentage of total count
                 A         B        C        D         E       F
            +---------+---------+-------+---------+---------+-------
      Total |  165144 |   66579 |  28.7 |     800 |     291 |  26.7
            +---------+---------+-------+---------+---------+-------
        D:1 |      44 |       0 |   0.0 |      26 |       0 |   0.0
        D:2 |      56 |      15 |  21.1 |      22 |       2 |   8.3
        D:3 |     108 |       0 |   0.0 |      20 |       0 |   0.0
        D:4 |     544 |       0 |   0.0 |      21 |       0 |   0.0
        D:5 |     677 |       0 |   0.0 |      17 |       0 |   0.0
        D:6 |    1615 |      22 |   1.3 |      41 |      12 |  22.6
        D:7 |     997 |    1115 |  52.8 |      36 |       4 |  10.0
        D:8 |    1168 |     897 |  43.4 |      16 |      34 |  68.0
        D:9 |    3800 |       0 |   0.0 |      32 |       0 |   0.0
       D:10 |    2869 |     322 |  10.1 |      36 |      23 |  39.0
       D:11 |    4496 |    1920 |  29.9 |      42 |      10 |  19.2
       D:12 |    7927 |       0 |   0.0 |      39 |       0 |   0.0
       D:13 |    9339 |   12084 |  56.4 |      33 |      23 |  41.1
       D:14 |   11594 |       0 |   0.0 |      53 |       0 |   0.0
       D:15 |   12020 |    2152 |  15.2 |      34 |       4 |  10.5
     Lair:1 |    7874 |     697 |   8.1 |      34 |       3 |   8.1
     Lair:2 |    2116 |    1249 |  37.1 |      12 |      13 |  52.0
     Lair:3 |    4913 |    3014 |  38.0 |      16 |       5 |  23.8
     Lair:4 |    6510 |     942 |  12.6 |      32 |       8 |  20.0
     Lair:5 |    8346 |    2311 |  21.7 |      15 |       7 |  31.8
     Lair:6 |   11678 |   11911 |  50.5 |      36 |      46 |  56.1
    Swamp:1 |    9525 |       0 |   0.0 |      27 |       0 |   0.0
    Swamp:2 |    6110 |    3171 |  34.2 |      15 |       6 |  28.6
    Snake:1 |    8898 |    2422 |  21.4 |      18 |       4 |  18.2
    Snake:2 |   12547 |       0 |   0.0 |      14 |       0 |   0.0
    Snake:3 |   18167 |    4755 |  20.7 |      38 |       9 |  19.1
    Snake:4 |    6095 |       0 |   0.0 |      12 |       0 |   0.0
      Orc:1 |    3618 |     938 |  20.6 |      47 |      22 |  31.9
      Orc:2 |    1493 |    7528 |  83.4 |      16 |      30 |  65.2
      IceCv |       0 |    7833 | 100.0 |       0 |      22 | 100.0
    Volcano |       0 |    1281 | 100.0 |       0 |       4 | 100.0
            +---------+---------+-------+---------+---------+-------
